 Dungeon Crawl Stone Soup version 0.21-a0-517-gd76cfe0 (webtiles) character file.

120 slep the Chopper (level 4, -6/38 HPs)
             Began as a Minotaur Gladiator on Dec 4, 2017.
             Asphyxiated
             ... on level 3 of the Dungeon.
             The game lasted 00:05:07 (1311 turns).

slep the Chopper (Minotaur Gladiator)               Turns: 1311, Time: 00:05:07

Health: -6/38      AC:  6    Str: 18    XL:     4   Next: 75%
Magic:  3/3        EV: 17    Int:  5    God:
Gold:   145        SH:  0    Dex: 18    Spells: 3/3 levels left

rFire    . . .     SeeInvis .   a - +0 war axe
rCold    . . .     Gourm    .   (no shield)
rNeg     . . .     Faith    .   e - +0 scale mail
rPois    .         Spirit   .   c - +0 hat
rElec    .         Reflect  .   (no cloak)
rCorr    .         Harm     .   (no gloves)
MR       .....                  (no boots)
Stlth    +.........             (no amulet)
HPRegen  0.12/turn              (no ring)
MPRegen  0.08/turn              (no ring)

@: agile, lethally poisoned (-6 -> -51), slowed, very slow
A: retaliatory headbutt, horns 2
a: no special abilities


You were on level 3 of the Dungeon.
You were not hungry.

You visited 1 branch of the dungeon, and saw 3 of its levels.

You collected 145 gold pieces.

Inventory:

Hand Weapons
 a - a +0 war axe (weapon)
Missiles
 d - 3 throwing nets (quivered)
Armour
 b - a +0 leather armour
 c - a +0 hat (worn)
 e - a +0 scale mail (worn)
Scrolls
 g - a scroll of amnesia {unknown}
 h - a scroll of fear {unknown}
 i - 7 scrolls of identify {unknown}
 k - 2 scrolls of teleportation {unknown}
 l - 2 scrolls of remove curse {unknown}
 s - a scroll of fog {unknown}
 x - a scroll of enchant armour {unknown}
 y - a scroll of random uselessness {unknown}
Potions
 j - a potion of might {unknown}
 n - a potion of agility
 o - 4 potions of heal wounds {unknown}
 p - 2 potions of berserk rage {unknown}
 q - 2 potions of lignification {unknown}
 u - a potion of flight {unknown}
 v - a potion of mutation {unknown}
 w - 2 potions of invisibility {unknown}
Comestibles
 f - 3 bread rations
 m - a meat ration
 r - 4 chunks of flesh
 t - a royal jelly


   Skills:
 + Level 3.1 Fighting
 + Level 5.1 Axes
 + Level 2.1 Throwing
 + Level 1.4 Armour
 + Level 4.3 Dodging


You had 3 spell levels left.
You didn't know any spells.

Dungeon Overview and Level Annotations

Branches:
Dungeon (3/15)

Altars:
Trog


Innate Abilities, Weirdness & Mutations

You reflexively headbutt those who attack you in melee.
You have a pair of horns on your head.


Message History

You are more poisoned.
You have difficulty breathing.
* * * LOW HITPOINT WARNING * * *
You feel as though you will be slow longer.
The kobold shoots a curare-tipped needle.
The curare-tipped needle misses you.
You see here a curare-tipped needle.
* * * LOW HITPOINT WARNING * * *
You feel very sick.
The kobold shoots a curare-tipped needle.
The curare-tipped needle barely misses you.
It was a potion of agility.
You feel agile all of a sudden.
* * * LOW HITPOINT WARNING * * *
You feel very sick.
The kobold shoots a curare-tipped needle.
The curare-tipped needle hits you.
You are more poisoned.
You have difficulty breathing.
You die...

#...# #...# ######
#...# .....# #...#
.....# #...#
.....# #.K.#
.....# #...#
.....# ##.@.#
.....# #..(.#
.....#### #.#(##
........######..(#
..........##..(.##
†..###.......#.##
...###..#......#
........#####..#
...####.†####..#


You could see a kobold.

Vanquished Creatures
  A worker ant (D:2)
  4 adders
  A worm (D:3)
  A dart slug (D:1)
  A leopard gecko (D:2)
  An orc (D:3)
  4 giant cockroaches
  5 goblins
  4 hobgoblins
  2 jackals (D:3)
  2 ball pythons
  11 bats
  3 frilled lizards
  6 kobolds
  9 rats
55 creatures vanquished.

Notes
Turn   | Place    | Note
-------+----------+-------------------------------------------
     0 | D:1      | slep the Minotaur Gladiator began the quest for the Orb.
     0 | D:1      | Reached XP level 1. HP: 18/18 MP: 0/0
   223 | D:1      | Reached XP level 2. HP: 25/25 MP: 1/1
   543 | D:1      | Reached skill level 4 in Axes
   627 | D:2      | Reached XP level 3. HP: 27/30 MP: 2/2
   845 | D:2      | Found a bloodstained altar of Trog.
   978 | D:2      | Reached skill level 1 in Armour
   978 | D:2      | Reached XP level 4. HP: 33/38 MP: 3/3
  1127 | D:3      | Reached skill level 5 in Axes
  1311 | D:3      | Asphyxiated

Vault maps used:
D:1:      lightli_arrival_flooded_house
D:2:      lemuel_crystal_altar, minmay_tetromino_o2
D:3:      overflow_temple_1_default

Skill      XL: |  1  2  3  4 |
---------------+-------------+-----
Axes           | 4 5 |  5.1
Dodging        | 4 |  4.3
Fighting       | 3 |  3.1
Armour         | 1 |  1.4
Throwing       | |  2.1

Action                   |  1- 3 |  4- 6 || total
-------------------------+-------+-------++-------
Melee: War axe           |    76 |    28 ||   104
       Headbutt          |     6 |     1 ||     7
  Use: Potion            |       |     1 ||     1
  Eat: Chunk             |       |     1 ||     1
Armor: Scale mail        |    34 |    16 ||    50
Dodge: Dodged            |    61 |    35 ||    96

Table legend:
 A = Spawn XP
 B = Non-spawn XP
 C = Spawn XP percentage of total XP
 D = Spawn monster count
 E = Non-spawn monster count
 F = Spawn count percentage of total count
 G = Total turns spent on level
                    A         B        C        D         E        F      G
               +---------+---------+-------+---------+---------+-------+---------
         Total |       0 |     172 |   0.0 |       0 |      55 |   0.0 |  1311
               +---------+---------+-------+---------+---------+-------+---------
           D:1 |       0 |      20 |   0.0 |       0 |      14 |   0.0 |   607
           D:2 |       0 |     114 |   0.0 |       0 |      27 |   0.0 |   477
           D:3 |       0 |      38 |   0.0 |       0 |      14 |   0.0 |   227
               +---------+---------+-------+---------+---------+-------+---------
